 Dungeon Crawl Stone Soup version 0.28-a0-948-gee6e0bcda6 (webtiles) character file.

Game seed: 4410240035854334783

3385 bvjwb the Covert (level 9, -2/42 HPs)
             Began as a Spriggan Enchanter on Nov 30, 2021.
             Was an Initiate of Dithmenos.
             Slain by Harold (17 damage)
             ... on level 8 of the Dungeon.
             The game lasted 00:26:13 (13079 turns).

bvjwb the Covert (Spriggan Enchanter)              Turns: 13079, Time: 00:26:14

Health: -2/42      AC:  2    Str:  7    XL:     9   Next: 74%
Magic:  12/23      EV: 20    Int: 16    God:    Dithmenos [......]
Gold:   1846       SH:  0    Dex: 22    Spells: 15/27 levels left

rFire   + + .      SeeInvis +   f - +3 dagger
rCold   + . .      Faith    .   (shield restricted)
rNeg    . . .      Spirit   .   n - +0 robe {rC+ rF+}
rPois   .          Reflect  .   (helmet restricted)
rElec   .          Harm     .   (no cloak)
rCorr   .          Rampage  .   (gloves unavailable)
Will    +....                   (boots unavailable)
Stlth   +++++.....              (no amulet)
HPRegen 0.14/turn               k - ring of protection from fire
MPRegen 0.18/turn               l - +6 ring of dexterity

@: very quick
A: very small, no large weapons, unfitting armour, see invisible, speed 3
a: Renounce Religion


You were on level 8 of the Dungeon.
You worshipped Dithmenos.
Dithmenos was noncommittal.
You visited 2 branches of the dungeon, and saw 9 of its levels.
You also visited: Sewer.

You collected 1846 gold pieces.

Inventory:

Hand Weapons
 a - a +2 dagger
 d - a +3 short sword of freezing
 f - a +3 dagger (weapon)
 g - the +7 rapier of Insomnia {vorpal, *Corrode rF+ Dex+4}
   (You found it on level 7 of the Dungeon)

   It inflicts extra damage upon your enemies.
   Dex:       It affects your dexterity (+4).
   rF:        It protects you from fire.
   *Corrode:  It may corrode you when you take damage.
 j - a +0 short sword of speed
Missiles
 m - 20 poisoned darts (quivered)
Armour
 b - a +1 robe
 n - a +0 robe of resistance (worn)
Jewellery
 k - a ring of protection from fire (left hand)
 l - a +6 ring of dexterity (right hand)
Wands
 i - a wand of digging (3)
 p - a wand of acid (4)
Scrolls
 c - a scroll of identify
 e - 2 scrolls of fear
 h - 3 scrolls of teleportation
 o - a scroll of enchant armour
Potions
 q - a potion of haste
 r - a potion of might


   Skills:
 + Level 1.6 Fighting
 + Level 2.8 Short Blades
 + Level 4.1 Dodging
 + Level 11.7 Stealth
 + Level 9.9 Spellcasting
 + Level 10.1 Hexes


You had 15 spell levels left.
You knew the following spells:

 Your Spells              Type           Power      Damage    Failure   Level
a - Ensorcelled Hibernat  Hex/Ice        48%        N/A       1%          2
b - Tukima's Dance        Hex            40%        N/A       1%          3
c - Dazzling Flash        Conj/Hex       48%        N/A       3%          3
d - Animate Skeleton      Necr           14%        N/A       10%         1
e - Summon Guardian Gole  Hex/Summ       24%        N/A       3%          3

Your spell library contained the following spells:

 Spells                   Type           Power      Damage    Failure   Level
 Confusing Touch          Hex            40%        N/A       1%          3
 Portal Projectile        Hex/Tloc       48%        N/A       3%          3
 Magic Dart               Conj           28%        1d4       10%         1
 Pain                     Necr           28%        1d5       10%         1
 Summon Small Mammal      Summ           28%        N/A       10%         1
 Leda's Liquefaction      Hex/Erth       12%        N/A       12%         4
 Call Imp                 Summ           7%         N/A       14%         2
 Passwall                 Tmut/Erth      5%         N/A       14%         2
 Scorch                   Fire           14%        2d5       14%         2
 Call Canine Familiar     Summ           7%         N/A       28%         3
 Mephitic Cloud           Conj/Pois/Air  7%         N/A       28%         3
 Swiftness                Air            7%         N/A       28%         3
 Vampiric Draining        Necr           7%         2d6       28%         3
 Flame Wave               Conj/Fire      7%         2d4       67%         4
 Summon Cactus Giant      Summ           3%         N/A       100%        6


Dungeon Overview and Level Annotations

Branches:
Dungeon (8/15)             Temple (1/1) D:6           Sewer (visited)
   Lair: D:8-11

Altars:
Ashenzari
Cheibriados
Dithmenos
Elyvilon
Fedhas
Gozag
Hepliaklqana
Kikubaaqudgha
Makhleb
Nemelex Xobeh
Qazlal
Ru
Sif Muna
Trog
Uskayaw
Vehumet
Wu Jian
Xom
Zin
The Shining One

Annotations:
D:4 1 runed translucent door, hansi's ghost, novice GrEE
D:8 Harold


Innate Abilities, Weirdness & Mutations

You are very small and have problems with some larger weapons.
You are too small for most types of armour.
You have supernaturally acute eyesight. (SInv)
You cover ground extremely quickly. (Speed+++)


Message History

Your +0 hand axe hits Harold but does no damage.
You hit Harold but do no damage.
Harold is lightly wounded.
Harold hits you.
Unknown command.
You hit Harold.
Harold is lightly wounded.
Your +0 hand axe hits Harold.
Casting: Summon Guardian Golem (dangerous; 3% risk of failure)
Confirm with . or Enter, or press ? or * to list all spells.
Aiming: Ensorcelled Hibernation (safe; 1% risk of failure)
Press: ? - help, Shift-Dir - straight line, f/p - Harold
Aim: Harold, wearing a +0 chain mail and quivering a throwing net (lightly wounded, ally target, chance to affect: 21%) Harold resists with almost no effort.
Harold barely misses you.
Your +0 hand axe hits Harold.
Unknown command.
Casting: Ensorcelled Hibernation (safe; 1% risk of failure)
Confirm with . or Enter, or press ? or * to list all spells.
Aiming: Ensorcelled Hibernation (safe; 1% risk of failure)
Press: ? - help, Shift-Dir - straight line, f/p - Harold
Aim: Harold, wearing a +0 chain mail and quivering a throwing net (lightly wounded, ally target, chance to affect: 21%) Harold looks drowsy...
Your +0 hand axe hits Harold!!
You hit Harold but do no damage.
Harold is heavily wounded.
Harold hits you!
Casting: Ensorcelled Hibernation (safe; 1% risk of failure)
Confirm with . or Enter, or press ? or * to list all spells.
Aiming: Ensorcelled Hibernation (safe; 1% risk of failure)
Press: ? - help, Shift-Dir - straight line, f - you, p - Harold
Okay, then.
Casting: Ensorcelled Hibernation (safe; 1% risk of failure)
Confirm with . or Enter, or press ? or * to list all spells.
Casting: Dazzling Flash (dangerous; 3% risk of failure)
Press: ? - help, Dir - look around, f - activate An orc comes into view.
It is wielding a +0 hand axe.
Harold closely misses you.
Your +0 hand axe hits Harold!
You hit Harold.
Harold is heavily wounded.
Harold hits you!
You die...

.# .# # .# .## .#
... . .# . ..) ..#
#.#######o... ...
....#####..<.@@(..#
...
#......#..####.9..#
... #..### ###..#
... # ##.# ..# ...
##. ##.# . ... #..#
##..## . ...
....###....## ..
... #......#..###..
... ##....###......
...


You could see Harold (ally target), an orc, a friendly guardian golem (summoned)
and a friendly +0 hand axe (sheltered).

Vanquished Creatures
  A steam dragon (D:7)
  Edmund (D:5)
  Duvessa (D:5)
  A necrophage (D:4)
  2 ice beasts
  2 sky beasts (D:7)
  3 black bears
  2 centaurs
  An ogre (D:4)
  3 phantoms
  A kobold brigand (D:8)
  A wyvern zombie (D:7)
  3 bullfrogs
  Dowan (D:5)
  A water moccasin skeleton (D:3)
  A wight (D:6)
  A howler monkey (D:4)
  A centaur zombie (D:6)
  A jelly (D:7)
  4 hounds
  6 iguanas
  An orc wizard (D:6)
  A killer bee zombie (D:8)
  A howler monkey zombie (D:5)
  5 gnolls
  9 adders
  2 white imps
  2 ufetubi (D:5)
  3 worms
  4 dart slugs
  4 orcs
  9 ball pythons
  7 bats
  8 endoplasms
  9 giant cockroaches
  A goblin (D:1)
  3 hobgoblins
  10 quokkas
  20 frilled lizards
  15 kobolds
  8 rats
160 creatures vanquished.

Vanquished Creatures (collateral kills)
  An ogre (D:5)
  A wight (D:6)
  An adder (D:4)
  2 gnolls
  An orc (D:6)
6 creatures vanquished.

Vanquished Creatures (others)
  Joseph (D:7)
  7 dancing weapons
  A necrophage (D:7)
  An ogre (D:6)
  A wight (D:7)
  A gnoll shaman (D:7)
  A gnoll (D:7)
  7 plants (D:5)
20 creatures vanquished.

Grand Total: 186 creatures vanquished

Notes
Turn   | Place    | Note
-------+----------+-------------------------------------------
     0 | D:1      | bvjwb the Spriggan Enchanter began the quest for the Orb.
     0 | D:1      | Reached XP level 1. HP: 9/9 MP: 5/5
   317 | D:1      | Reached XP level 2. HP: 13/13 MP: 7/7
   320 | D:1      | Learned a level 2 spell: Ensorcelled Hibernation
   592 | D:1      | Identified 2 scrolls of acquirement
   592 | D:1      | Acquired 722 gold pieces
   596 | D:1      | Acquired 798 gold pieces
  1560 | D:2      | Reached XP level 3. HP: 16/16 MP: 9/9
  1564 | D:2      | Learned a level 3 spell: Tukima's Dance
  1568 | D:2      | Learned a level 3 spell: Dazzling Flash
  2680 | D:2      | Reached XP level 4. HP: 21/21 MP: 11/11
  2849 | D:3      | Reached skill level 5 in Hexes
  2937 | D:3      | Found a glowing drain.
  2948 | Sewer    | Entered a sewer
  3534 | Sewer    | Reached XP level 5. HP: 15/24 MP: 3/13
  3755 | Sewer    | Reached skill level 5 in Spellcasting
  3757 | Sewer    | Reached skill level 5 in Stealth
  3771 | Sewer    | Learned a level 1 spell: Animate Skeleton
  4339 | D:3      | Reached XP level 6. HP: 27/28 MP: 15/15
  4457 | D:3      | Found a faded altar of an unknown god.
  4914 | D:4      | Reached skill level 6 in Stealth
  5437 | D:4      | Found a snail-covered altar of Cheibriados.
  5668 | D:4      | Reached XP level 7. HP: 32/32 MP: 17/17
  5693 | D:4      | Found a glowing silver altar of Zin.
  5708 | D:4      | Noticed hansi's ghost (novice GrEE)
  5711 | D:4      | Found a runed translucent door.
  5866 | D:4      | Reached skill level 7 in Stealth
  5999 | D:5      | Entered Level 5 of the Dungeon
  6088 | D:5      | Noticed Duvessa
  6375 | D:6      | Reached skill level 8 in Stealth
  6745 | D:6      | Learned a level 3 spell: Summon Guardian Golem
  6753 | D:6      | Reached XP level 8. HP: 36/36 MP: 20/20
  7072 | D:5      | Noticed Dowan
  7081 | D:5      | Killed Duvessa
  7086 | D:5      | Killed Dowan
  7786 | D:5      | Noticed Edmund
  7794 | D:5      | Killed Edmund
  7795 | D:5      | Reached skill level 9 in Stealth
  8674 | D:6      | Found a staircase to the Ecumenical Temple.
  9634 | D:7      | Reached skill level 10 in Stealth
  9879 | D:6      | Reached XP level 9. HP: 27/39 MP: 13/22
 10227 | Temple   | Entered the Ecumenical Temple
 10316 | Temple   | Became a worshipper of Dithmenos the Shadowed
 10557 | D:6      | Found a hide-covered altar of Uskayaw.
 11395 | D:7      | Reached skill level 11 in Stealth
 11413 | D:7      | Identified the +7 rapier of Insomnia {vorpal, *Corrode rF+
                  | Dex+4}
 11439 | D:7      | Noticed Joseph
 11931 | D:7      | Killed Joseph
 11932 | D:7      | Reached skill level 1 in Fighting
 12346 | D:7      | Reached skill level 10 in Hexes
 13067 | D:8      | Noticed Harold
 13079 | D:8      | Slain by Harold

Illustrated notes

Levels and vault maps discovered:
D:1:      psy_arrival_radial02, layout_loops_corners
D:2:      layout_basic, minivault_19
D:3:      layout_loops_ring, gup_sewer_entry_pipe,
          shapermc_ecumenical_altar_starsandcircs
D:4:      layout_gridville, mainiacjoe_overflow_small_starburst,
          old_standard_altar, hellmonk_ghost_happy_afterlife
D:5:      layout_basic, minmay_lizard_king, uniq_edmund, uniq_duvessa
D:6:      layout_basic, old_standard_altar, minmay_temple_entry_trees
D:7:      layout_loops_ring, uniq_joseph
D:8:      layout_layer_cave, uniq_harold
Temple:   mainiacjoe_temple_coin_purse

Skill      XL: |  1  2  3  4  5  6  7  8  9 |
---------------+----------------------------+-----
Spellcasting   | 3 4 5 6 7 8 9 |  9.9
Hexes          | 4 5 6 7 9 10 | 10.1
Stealth        | 5 6 8 10 11 | 11.7
Fighting       | 1 |  1.6
Short Blades   | 2 |  2.8
Dodging        | 4 |  4.1

Action                   |  1- 3 |  4- 6 |  7- 9 || total
-------------------------+-------+-------+-------++-------
Melee: Dagger            |    98 |   190 |   245 ||   533
       Short sword       |       |       |    20 ||    20
 Cast: Ensorcelled Hiber |     8 |    28 |    51 ||    87
       Tukima's Dance    |       |     5 |    18 ||    23
       Summon Guardian G |       |       |    15 ||    15
       Dazzling Flash    |       |       |    10 ||    10
       Animate Skeleton  |       |       |     1 ||     1
  Use: Scroll            |     8 |     2 |     7 ||    17
       Potion            |       |       |     8 ||     8
 Stab: Sleeping          |    15 |    21 |    37 ||    73
       Distracted        |       |     1 |     1 ||     2
       Invisible         |       |       |     6 ||     6
Armor: Robe              |     9 |    13 |    13 ||    35
       Skin              |       |       |    19 ||    19
Dodge: Dodged            |    61 |   116 |   233 ||   410

Table legend: (Time is in decaauts)
 A = Elapsed time spent in this place.
 B = Non-inter-level travel time spent in this place.
 C = Inter-level travel time spent in this place.
 D = Time resting spent in this place.
 E = Time spent auto-exploring this place.
 F = Levels seen in this place.
 G = Mean time per level.
                   A        B        C        D        E       F      G
               +--------+--------+--------+--------+--------+-----+--------+
         Total |  10845 |  10656 |    189 |   4353 |   4525 |  10 | 1084.5 |
       Dungeon |   9798 |   9615 |    183 |   4092 |   3950 |   8 | 1224.8 |
        Temple |     60 |     55 |      5 |      0 |     36 |   1 |   60.0 |
         Sewer |    986 |    986 |      0 |    261 |    539 |   1 |  986.0 |
               +--------+--------+--------+--------+--------+-----+--------+

Top non-repeatable levels by time:
     D:5: 2202 daAuts
     D:7: 1774 daAuts
     D:1: 1251 daAuts
     D:6: 1211 daAuts
     D:4: 1092 daAuts
     D:3: 1090 daAuts
   Sewer: 986 daAuts
     D:2: 825 daAuts
     D:8: 351 daAuts
  Temple: 60 daAuts
